AoeStats
← IamtheChit

Lombardia

509532527Analyzed
2v2 RM · 6d ago on Sep 27, 2026· 38m 21s· 4 players
Game mode
Random Map
Map size
Medium (4 player)
Population
200
Speed
Normal
Resources
Standard
Victory
Conquest
Starting age
Dark Age
Ending age
Imperial Age
RankedLock teamsTeams togetherTeam positionsShared explorationLock speedFull tech treeHidden civsTurbo modeCheats
Victory
Defeat
🇺🇸 Mongols · United States
1199
+16
🇺🇸 Vietnamese · United States
1193
+16
🇺🇸 Berbers · United States
1194
-16
🇺🇸 Celts · United States
1192
-16
Swiggity C-Dawg
7:18 Loom
10:55 Feudal Age
14:52 Double-Bit Axe
16:30 Wheelbarrow
19:50 Castle Age
19:30 Padded Archer Armor
21:10 Gold Mining
21:43 Elite Skirmisher
23:23 Bow Saw
24:39 Leather Archer Armor
27:44 Fletching
30:06 Scale Mail Armor
31:51 Chain Mail Armor
33:27 Wheelbarrow
32:17 Pikeman
Poop Fern
5:09 Loom
10:01 Feudal Age
10:48 Double-Bit Axe
15:41 Forging
16:48 Bloodlines
19:48 Castle Age
18:53 Scale Barding Armor
18:43 Gold Mining
19:16 Bloodlines
22:36 Stone Mining
27:51 Chain Barding Armor
30:25 Fletching
34:20 Wheelbarrow
35:26 Hand Cart
IamtheChit
6:52 Loom
9:52 Feudal Age
10:30 Double-Bit Axe
10:30 Horse Collar
11:44 Fletching
13:56 Wheelbarrow
19:13 Forging
22:15 Castle Age
20:24 Padded Archer Armor
21:25 Scale Mail Armor
21:35 Forging
21:20 Gold Mining
22:43 Crossbowman
23:20 Bodkin Arrow
23:46 Bow Saw
24:06 Squires
27:07 Ballistics
30:19 Thumb Ring
32:45 Hand Cart
35:27 Imperial Age
32:51 Stone Mining
36:16 Bracer
35:40 Elite Fire Lancer
35:43 Arbalester
36:55 Chain Mail Armor
38:13 Chemistry
38:56 Iron Casting
crabchicken
8:29 Feudal Age
10:11 Double-Bit Axe
11:34 Horse Collar
15:12 Bloodlines
19:50 Loom
22:52 Castle Age
21:22 Gold Mining
23:06 Wheelbarrow
22:44 Scale Barding Armor
22:50 Forging
23:00 Light Cavalry
25:00 Husbandry
25:12 Forging
27:33 Chain Barding Armor
31:46 Bow Saw
33:47 Iron Casting
37:07 Hand Cart
36:52 Heavy Plow
36:43 Stone Mining
37:28 Gold Shaft Mining
Connection lost

Rejoining the realm…

Still unreachable

The connection could not be restored.

Session expired

The server has moved on; the page needs a fresh start.